General information
			
			
        
        - name: goon
 
        - type: Ladder 1vs1/FFA
 
        - host: perfectmanner
 
        - saver: TIMG4STRok
 
        
map: GardenOfWar 
        - players: 8
 
        - length: 52:42
 
        - speed: Fast
 - version: 1.22 W3XP
 - replay type:  

 
» download(486 KB)
Players
        team 1 (winner) 
              
              
» 
perfectmanner (
pink | 13 APM | 693 actions | 52:42)
              
 2 Death Knight 
 1 Death Coil
 1 Unholy Aura
 
                » actions 
                
                | Assign group hotkey | 7 |  | 
| Basic commands | 38 |  | 
| Build / train | 25 |  | 
| Enter build submenu | 12 |  | 
| Enter hero's abilities submenu | 2 |  | 
| Right click | 338 |  | 
| Select / deselect | 161 |  | 
| Select group hotkey | 81 |  | 
| Use ability | 29 |  | 
                693 total
 » units 
                
                | Acolyte | 6 |  | 
| Ghoul | 12 |  | 
| Crypt Fiend | 2 |  | 
                20 total
 » buildings
                
                | Crypt | 1 |  | 
| Ziggurat | 4 |  | 
| Altar of Darkness | 1 |  | 
| Graveyard | 1 |  | 
| Tomb of Relics | 1 |  | 
| Halls of the Dead | 1 |  | 
                9 total
 » build order
                00:07 Crypt
00:09 Ziggurat
00:34 Altar of Darkness
01:33 Ziggurat
01:55 Graveyard
02:47 Tomb of Relics
03:57 Ziggurat
05:05 Ziggurat
05:34 Halls of the Dead
» items
                 
               team 2 (loser) 
              
              
» 
GO_ (
light-blue | 68 APM | 3592 actions | 52:42)
              
 4 Death Knight 
 2 Death Coil
 2 Unholy Aura
 4 Lich 
 2 Frost Nova
 2 Frost Armor
 
                » actions 
                
                | Assign group hotkey | 43 |  | 
| Basic commands | 7 |  | 
| Build / train | 118 |  | 
| ESC pressed | 7 |  | 
| Enter build submenu | 40 |  | 
| Enter hero's abilities submenu | 8 |  | 
| Give item / drop item | 4 |  | 
| Right click | 1731 |  | 
| Select / deselect | 1004 |  | 
| Select group hotkey | 534 |  | 
| Use ability | 95 |  | 
                3592 total
 » units 
                
                | Acolyte | 20 |  | 
| Ghoul | 8 |  | 
| Crypt Fiend | 14 |  | 
| Frost Wyrm | 11 |  | 
| Forest Troll Shadow Priest | 7 |  | 
| Forest Troll Berserker | 6 |  | 
| Mud Golem | 7 |  | 
| Ogre Mauler | 6 |  | 
| Gargoyle | 4 |  | 
                83 total
 » upgrades
                
                | Creature Attack | 3 |  | 
| Creature Carapace | 3 |  | 
| Burrow | 1 |  | 
| Web | 1 |  | 
| Ghoul Frenzy | 1 |  | 
| Freezing Breath | 1 |  | 
| Unholy Strength | 1 |  | 
| Stone Form | 1 |  | 
| Unholy Armor | 1 |  | 
                13 total
 » buildings
                
                | Altar of Darkness | 3 |  | 
| Crypt | 2 |  | 
| Ziggurat | 13 |  | 
| Graveyard | 1 |  | 
| Tomb of Relics | 1 |  | 
| Halls of the Dead | 1 |  | 
| Sacrificial Pit | 1 |  | 
| Black Citadel | 2 |  | 
| Boneyard | 2 |  | 
| Slaughterhouse | 1 |  | 
| Temple of the Damned | 1 |  | 
| Necropolis | 1 |  | 
                29 total
 » build order
                00:06 Altar of Darkness
00:09 Altar of Darkness
00:12 Crypt
00:32 Ziggurat
01:08 Graveyard
01:52 Ziggurat
02:48 Tomb of Relics
03:34 Ziggurat
04:35 Halls of the Dead
05:35 Ziggurat
08:19 Sacrificial Pit
08:50 Black Citadel
10:21 Black Citadel
11:43 Ziggurat
15:09 Crypt
16:20 Ziggurat
17:19 Ziggurat
17:23 Ziggurat
17:25 Ziggurat
17:26 Ziggurat
17:42 Boneyard
23:36 Boneyard
37:33 Slaughterhouse
37:36 Temple of the Damned
38:59 Altar of Darkness
39:01 Ziggurat
39:02 Ziggurat
39:32 Ziggurat
39:48 Necropolis
» items
                
                | Rod of Necromancy | 1 |  | 
| Orb of Corruption | 1 |  | 
| Scroll of Healing | 1 |  | 
| Boots of Speed | 1 |  | 
| Circlet of Nobility | 1 |  | 
| Potion of Lesser Invulnerability | 2 |  | 
| Staff of Teleportation | 1 |  | 
                8 total
  
               team 3 (loser) 
              
              
» 
3DGAYWORLD (
teal | 52 APM | 374 actions | 07:12)
              
 2 Demon Hunter 
 1 Mana Burn
 1 Evasion
 
                » actions 
                
                | Basic commands | 21 |  | 
| Build / train | 25 |  | 
| Enter build submenu | 12 |  | 
| Enter hero's abilities submenu | 2 |  | 
| Right click | 137 |  | 
| Select / deselect | 157 |  | 
| Use ability | 20 |  | 
                374 total
 » units 
                » upgrades
                
                | Strength of the Moon | 2 |  | 
| Improved Bows | 1 |  | 
                3 total
 » buildings
                
                | Altar of Elders | 1 |  | 
| Moon Well | 5 |  | 
| Ancient of War | 1 |  | 
| Ancient of Wonders | 1 |  | 
| Tree of Ages | 1 |  | 
| Hunter's Hall | 1 |  | 
| Tree of Eternity | 1 |  | 
| Ancient of Wind | 1 |  | 
                12 total
 » build order
                00:07 Altar of Elders
00:10 Moon Well
01:15 Ancient of War
01:39 Moon Well
02:29 Ancient of Wonders
02:45 Moon Well
03:27 Tree of Ages
03:51 Hunter's Hall
04:41 Moon Well
05:38 Moon Well
05:54 Tree of Eternity
06:52 Ancient of Wind
» items
                 
               team 4 (loser) 
              
              
» 
1st_Panzer_Div. (
red | 114 APM | 6024 actions | 52:42)
              
 10 Death Knight 
 3 Death Coil
 3 Unholy Aura
 1 Animate Dead
 3 Death Pact
 10 Lich 
 3 Frost Nova
 3 Frost Armor
 3 Dark Ritual
 1 Death and Decay
 4 Dreadlord 
 2 Sleep
 2 Vampiric Aura
 
                » actions 
                
                | Assign group hotkey | 385 |  | 
| Basic commands | 1004 |  | 
| Build / train | 136 |  | 
| ESC pressed | 6 |  | 
| Enter build submenu | 35 |  | 
| Enter hero's abilities submenu | 24 |  | 
| Give item / drop item | 1 |  | 
| Right click | 1065 |  | 
| Select / deselect | 789 |  | 
| Select group hotkey | 2234 |  | 
| Use ability | 345 |  | 
                6024 total
 » units 
                
                | Acolyte | 20 |  | 
| Ghoul | 14 |  | 
| Crypt Fiend | 9 |  | 
| Obsidian Statue | 6 |  | 
| Necromancer | 12 |  | 
| Mud Golem | 1 |  | 
| Frost Wyrm | 13 |  | 
| Banshee | 1 |  | 
                76 total
 » upgrades
                
                | Creature Attack | 3 |  | 
| Banshee Training | 1 |  | 
| Unholy Strength | 1 |  | 
| Skeletal Longevity | 1 |  | 
| Web | 1 |  | 
| Necromancer Training | 2 |  | 
| Creature Carapace | 2 |  | 
| Skeletal Mastery | 1 |  | 
                12 total
 » buildings
                
                | Crypt | 1 |  | 
| Ziggurat | 8 |  | 
| Graveyard | 1 |  | 
| Altar of Darkness | 1 |  | 
| Tomb of Relics | 1 |  | 
| Halls of the Dead | 1 |  | 
| Slaughterhouse | 1 |  | 
| Necropolis | 2 |  | 
| Temple of the Damned | 1 |  | 
| Black Citadel | 1 |  | 
| Sacrificial Pit | 1 |  | 
| Boneyard | 2 |  | 
                21 total
 » build order
                00:18 Crypt
00:24 Ziggurat
00:43 Graveyard
01:13 Altar of Darkness
01:26 Tomb of Relics
02:23 Ziggurat
03:52 Halls of the Dead
05:08 Ziggurat
05:49 Ziggurat
07:53 Slaughterhouse
09:43 Ziggurat
10:13 Necropolis
10:47 Temple of the Damned
11:30 Black Citadel
13:41 Sacrificial Pit
14:38 Ziggurat
15:35 Boneyard
15:37 Boneyard
16:00 Necropolis
19:40 Ziggurat
29:43 Ziggurat
» items
                
                | Rod of Necromancy | 2 |  | 
| Potion of Healing | 3 |  | 
| Boots of Speed | 1 |  | 
| Scroll of Town Portal | 5 |  | 
| Orb of Corruption | 1 |  | 
| Scroll of Healing | 1 |  | 
| Potion of Lesser Invulnerability | 1 |  | 
| Periapt of Vitality | 1 |  | 
| Scroll of Protection | 1 |  | 
                16 total
  
               team 5 (loser) 
              
              
» 
TIMG4STRok (
purple | 138 APM | 7265 actions | 52:42)
              
 5 Blademaster 
 2 Wind Walk
 3 Critical Strike
 5 Shadow Hunter 
 2 Hex
 3 Healing Wave
 4 Tauren Chieftain 
 2 War Stomp
 2 Endurance Aura
 
                » actions 
                
                | Assign group hotkey | 37 |  | 
| Basic commands | 85 |  | 
| Build / train | 113 |  | 
| ESC pressed | 3 |  | 
| Enter build submenu | 23 |  | 
| Enter hero's abilities submenu | 14 |  | 
| Give item / drop item | 10 |  | 
| Right click | 3161 |  | 
| Select / deselect | 493 |  | 
| Select group hotkey | 3102 |  | 
| Use ability | 224 |  | 
                7265 total
 » units 
                
                | Peon | 21 |  | 
| Grunt | 4 |  | 
| Raider | 3 |  | 
| Spirit Walker | 5 |  | 
| Troll Witch Doctor | 4 |  | 
| Troll Batrider | 2 |  | 
| Wind Rider | 4 |  | 
| Kodo Beast | 1 |  | 
| Shaman | 2 |  | 
                46 total
 » upgrades
                
                | Ensnare | 1 |  | 
| Spirit Walker Training | 2 |  | 
| Pillage | 1 |  | 
| Witch Doctor Training | 2 |  | 
| Armor | 2 |  | 
| Shaman Training | 2 |  | 
| Ranged Weapons | 2 |  | 
| Melee Weapons | 1 |  | 
| Reinforced Defenses | 1 |  | 
| Envenomed Spears | 1 |  | 
                15 total
 » buildings
                
                | Altar of Storms | 2 |  | 
| Orc Burrow | 7 |  | 
| Barracks | 1 |  | 
| Stronghold | 1 |  | 
| Voodoo Lounge | 1 |  | 
| Beastiary | 2 |  | 
| Spirit Lodge | 1 |  | 
| War Mill | 1 |  | 
| Great Hall | 8 |  | 
| Fortress | 1 |  | 
                25 total
 » build order
                00:02 Altar of Storms
00:09 Orc Burrow
00:50 Barracks
01:24 Orc Burrow
02:53 Stronghold
03:48 Voodoo Lounge
03:52 Orc Burrow
05:21 Beastiary
05:24 Spirit Lodge
06:38 War Mill
06:46 Orc Burrow
09:54 Great Hall
10:28 Fortress
10:57 Beastiary
11:54 Orc Burrow
15:58 Orc Burrow
28:06 Altar of Storms
30:51 Orc Burrow
31:17 Great Hall
31:54 Great Hall
32:23 Great Hall
36:55 Great Hall
41:16 Great Hall
43:00 Great Hall
44:40 Great Hall
» items
                
                | Lesser Clarity Potion | 6 |  | 
| Healing Salve | 5 |  | 
| Scroll of Town Portal | 6 |  | 
| Orb of Lightning | 2 |  | 
| Potion of Healing | 3 |  | 
| Potion of Lesser Invulnerability | 4 |  | 
| Boots of Speed | 3 |  | 
| Staff of Teleportation | 3 |  | 
                32 total
  
               team 6 (loser) 
              
              
» 
yeahshesassbats (
blue | 102 APM | 1066 actions | 10:28)
              
 1 Mountain King 
 1 Storm Bolt
 1 Paladin 
 1 Holy Light
 
                » actions 
                
                | Assign group hotkey | 50 |  | 
| Basic commands | 9 |  | 
| Build / train | 34 |  | 
| ESC pressed | 5 |  | 
| Enter build submenu | 17 |  | 
| Enter hero's abilities submenu | 2 |  | 
| Right click | 493 |  | 
| Select / deselect | 166 |  | 
| Select group hotkey | 251 |  | 
| Use ability | 39 |  | 
                1066 total
 » units 
                » upgrades
                » buildings
                
                | Altar of Kings | 1 |  | 
| Farm | 6 |  | 
| Barracks | 1 |  | 
| Arcane Vault | 1 |  | 
| Lumber Mill | 1 |  | 
| Keep | 1 |  | 
| Blacksmith | 1 |  | 
| Castle | 1 |  | 
| Workshop | 1 |  | 
                14 total
 » build order
                00:07 Altar of Kings
00:21 Farm
00:52 Barracks
01:59 Arcane Vault
02:05 Farm
03:27 Lumber Mill
03:40 Farm
03:50 Farm
03:53 Keep
04:06 Blacksmith
05:37 Farm
05:40 Farm
06:46 Castle
07:14 Workshop
» items
                
                | Scroll of Regeneration | 1 |  | 
| Lesser Clarity Potion | 1 |  | 
| Mechanical Critter | 1 |  | 
| Potion of Healing | 1 |  | 
| Potion of Mana | 2 |  | 
| Scroll of Town Portal | 1 |  | 
                7 total
  
               team 7 (loser) 
              
              
» 
TALONSAREIMBA (
orange | 90 APM | 4735 actions | 52:34)
              
 8 Death Knight 
 3 Death Coil
 3 Unholy Aura
 1 Animate Dead
 1 Death Pact
 7 Lich 
 3 Frost Nova
 3 Dark Ritual
 1 Death and Decay
 6 Dreadlord 
 3 Sleep
 2 Carrion Swarm
 1 Inferno
 
                » actions 
                
                | Assign group hotkey | 37 |  | 
| Basic commands | 332 |  | 
| Build / train | 111 |  | 
| ESC pressed | 4 |  | 
| Enter build submenu | 41 |  | 
| Enter hero's abilities submenu | 22 |  | 
| Give item / drop item | 5 |  | 
| Remove unit from queue | 1 |  | 
| Right click | 2410 |  | 
| Select / deselect | 1035 |  | 
| Select group hotkey | 556 |  | 
| Use ability | 180 |  | 
                4735 total
 » units 
                
                | Acolyte | 23 |  | 
| Ghoul | 10 |  | 
| Crypt Fiend | 8 |  | 
| Frost Wyrm | 13 |  | 
                54 total
 » upgrades
                
                | Creature Attack | 3 |  | 
| Burrow | 0 |  | 
| Web | 1 |  | 
| Creature Carapace | 2 |  | 
                6 total
 » buildings
                
                | Crypt | 3 |  | 
| Graveyard | 2 |  | 
| Altar of Darkness | 3 |  | 
| Ziggurat | 11 |  | 
| Tomb of Relics | 1 |  | 
| Halls of the Dead | 3 |  | 
| Black Citadel | 1 |  | 
| Sacrificial Pit | 1 |  | 
| Nerubian Tower | 1 |  | 
| Boneyard | 2 |  | 
| Necropolis | 6 |  | 
| Spirit Tower | 1 |  | 
                35 total
 » build order
                00:08 Crypt
00:18 Graveyard
00:44 Altar of Darkness
00:59 Ziggurat
01:26 Tomb of Relics
02:02 Ziggurat
04:09 Halls of the Dead
04:09 Halls of the Dead
04:33 Ziggurat
07:43 Black Citadel
08:11 Ziggurat
08:50 Sacrificial Pit
09:50 Ziggurat
09:51 Nerubian Tower
10:30 Boneyard
11:02 Boneyard
14:40 Ziggurat
17:47 Ziggurat
19:39 Necropolis
28:11 Ziggurat
29:52 Ziggurat
30:03 Necropolis
30:46 Spirit Tower
30:58 Necropolis
34:09 Necropolis
34:12 Altar of Darkness
34:18 Ziggurat
34:24 Ziggurat
35:40 Necropolis
35:43 Altar of Darkness
39:30 Halls of the Dead
44:39 Crypt
44:40 Graveyard
49:28 Necropolis
50:37 Crypt
» items
                
                | Rod of Necromancy | 3 |  | 
| Potion of Healing | 1 |  | 
| Orb of Corruption | 3 |  | 
| Potion of Mana | 5 |  | 
| Dust of Appearance | 1 |  | 
| Scroll of Town Portal | 4 |  | 
| Scroll of Healing | 1 |  | 
| Potion of Lesser Invulnerability | 2 |  | 
                20 total
  
               team 8 (loser) 
              
              
» 
rogetz (
green | 27 APM | 1079 actions | 39:50)
              
 1 Dreadlord 
 1 Carrion Swarm
 1 Lich 
 1 Frost Nova
 
                » actions 
                
                | Assign group hotkey | 24 |  | 
| Basic commands | 16 |  | 
| Build / train | 43 |  | 
| Enter build submenu | 27 |  | 
| Enter hero's abilities submenu | 2 |  | 
| Right click | 468 |  | 
| Select / deselect | 372 |  | 
| Select group hotkey | 61 |  | 
| Use ability | 65 |  | 
                1079 total
 » units 
                » buildings
                
                | Crypt | 2 |  | 
| Ziggurat | 4 |  | 
| Altar of Darkness | 1 |  | 
| Graveyard | 1 |  | 
| Tomb of Relics | 2 |  | 
| Halls of the Dead | 1 |  | 
| Sacrificial Pit | 1 |  | 
| Slaughterhouse | 1 |  | 
| Necropolis | 4 |  | 
                17 total
 » build order
                00:09 Crypt
00:14 Ziggurat
00:36 Altar of Darkness
01:03 Ziggurat
01:32 Graveyard
02:01 Tomb of Relics
02:53 Halls of the Dead
03:48 Crypt
04:48 Ziggurat
08:38 Ziggurat
10:42 Sacrificial Pit
11:19 Tomb of Relics
11:34 Slaughterhouse
16:05 Necropolis
16:18 Necropolis
17:25 Necropolis
22:02 Necropolis
» items
                
                | Rod of Necromancy | 2 |  | 
| Potion of Healing | 1 |  | 
| Potion of Mana | 1 |  | 
                4 total
  
                Chat log
          (00:01 / All) 3DGAYWORLD: FUCK
(00:13 / All) 3DGAYWORLD: FUCK
(00:20 / All) GO_: can anybody move me into the channel, i'm chan
(00:32 / All) TIMG4STRok: got you son
(00:38 / All) 3DGAYWORLD: PoS
(00:41 / All) 1st_Panzer_Div.: son I ain' no one's son
(00:50 / All) 3DGAYWORLD: im going to watch midnight cowboy tonight
(00:51 / All) TALONSAREIMBA: I cant open this capri sun
(01:27 / All) 3DGAYWORLD: do you guys like that movie
(01:33 / All) TIMG4STRok: that movie
(01:35 / All) TIMG4STRok: witht he poeple
(01:41 / All) 3DGAYWORLD: midnight cowboy
(01:54 / All) TALONSAREIMBA: just a small town girl
(02:02 / All) 3DGAYWORLD: shut up
(02:22 / All) TALONSAREIMBA: ud towers are allowed
(02:31 / All) 1st_Panzer_Div.: no
(02:34 / All) 3DGAYWORLD: just dont upgrade them
(03:05 / All) 1st_Panzer_Div.: undead tower rushes should be allowed
(03:09 / All) 1st_Panzer_Div.: cause if you lose to taht...
(03:12 / All) 1st_Panzer_Div.: you should kill yoursefl
(03:34 / All) 3DGAYWORLD: kill yrouslef
(17:21 / All) 1st_Panzer_Div.: noobs ruin the game :(
(22:06 / All) rogetz: lotta undeads in this game
(29:25 / All) GO_: somebody kill these
(30:52 / All) 1st_Panzer_Div.: your gold mine has been FFA'ed
(35:06 / All) GO_: rofl
(37:52 / All) GO_: i hav eno army
(40:49 / All) GO_: panzer winsssss
(41:57 / All) GO_: get away from me
(42:10 / All) 1st_Panzer_Div.: sure
(52:40 / All) GO_: holy shit second place